 Dungeon Crawl Stone Soup version 0.28.0-53-g5a82cb258f (webtiles) character file.

Game seed: 10871015182845546695

156 ChickenMitten the Covered (level 5, 0/49 HPs)
             Began as a Deep Dwarf Fighter on Aug 6, 2022.
             Slain by Pikel
             ... wielding a +1 whip of freezing
              (4 damage)
             ... on level 3 of the Dungeon.
             The game lasted 00:06:22 (2310 turns).

ChickenMitten the Covered (Deep Dwarf Fighter)      Turns: 2310, Time: 00:06:23

Health: 0/49       AC:  9    Str: 22    XL:     5   Next: 15%
Magic:  4/4        EV:  7    Int:  8    God:
Gold:   154        SH:  5    Dex: 12    Spells: 4/4 levels left

rFire   . . .      SeeInvis .   a - +0 war axe
rCold   . . .      Faith    .   c - +0 buckler
rNeg    . . .      Spirit   .   f - +0 chain mail {Will+}
rPois   .          Reflect  .   (no helmet)
rElec   .          Harm     .   (no cloak)
rCorr   .          Rampage  .   (no gloves)
Will    +....                   (no boots)
Stlth   ..........              (no amulet)
HPRegen 0.00/turn               (no ring)
MPRegen 0.09/turn               (no ring)

@: no status effects
A: damage resistance, heal wounds, sense surroundings 1, no regeneration
a: Heal Wounds


You were on level 3 of the Dungeon.
You visited 1 branch of the dungeon, and saw 4 of its levels.

You collected 154 gold pieces.

Inventory:

Hand Weapons
 a - a +0 war axe (weapon)
Armour
 b - a +0 scale mail
 c - a +0 buckler (worn)
 f - a +0 chain mail of willpower (worn)
Jewellery
 l - a ring of flight
Scrolls
 e - 8 scrolls of identify {unknown}
 h - 2 scrolls of teleportation {unknown}
 i - 2 scrolls of enchant armour {unknown}
 j - a scroll of immolation {unknown}
 n - a scroll of fear {unknown}
 o - a scroll of vulnerability {unknown}
Potions
 d - a potion of might
 g - 2 potions of curing {unknown}
 k - a potion of mutation {unknown}
 m - a potion of haste {unknown}


   Skills:
 * Level 3.3 Fighting
 * Level 4.0 Axes
 * Level 4.4 Armour
 * Level 3.9 Shields


You had 4 spell levels left.
You didn't know any spells.
Your spell library contained the following spells:

 Spells                   Type           Power      Damage    Failure   Level
 Magic Dart               Conj           0%         1d3       99%         1
 Ensorcelled Hibernation  Hex/Ice        0%         N/A       100%        2
 Passwall                 Tmut/Erth      0%         N/A       100%        2
 Scorch                   Fire           0%         2d5       100%        2
 Searing Ray              Conj           0%         2d4       100%        2
 Spider Form              Tmut/Pois      0%         N/A       100%        3
 Swiftness                Air            0%         N/A       100%        3
 Anguish                  Hex/Necr       0%         N/A       100%        4
 Flame Wave               Conj/Fire      0%         2d4       100%        4
 Fulminant Prism          Conj/Hex       0%         3d6       100%        4
 Summon Cactus Giant      Summ           0%         N/A       100%        6


Dungeon Overview and Level Annotations

Branches:
Dungeon (4/15)
 Temple: D:4-7

Altars:

Shops:
D:4 [

Annotations:
D:3 Pikel


Innate Abilities, Weirdness & Mutations

You are resistant to damage.
You can heal yourself by infusing magical energy.
You passively map a small area around you.
You do not regenerate.


Message History

* * * LOW HITPOINT WARNING * * *
Pikel freezes you.
Your magical essence is drained by the effort!
You feel much better. Pikel barely misses you.
You hit Pikel.
Pikel is severely wounded.
Pikel hits you with a +1 whip of freezing!
Pikel freezes you.
You barely miss Pikel.
Pikel is severely wounded.
Pikel hits you but does no damage.
Pikel hits you with a +1 whip of freezing.
Pikel freezes you.
You miss Pikel.
Pikel is severely wounded.
Pikel hits you but does no damage.
You hit Pikel.
Pikel is almost dead.
You block Pikel's attack.
You completely miss Pikel.
Pikel is almost dead.
Pikel hits you with a +1 whip of freezing.
* * * LOW HITPOINT WARNING * * *
Pikel freezes you. You block Pikel's attack.
You barely miss Pikel.
Pikel is almost dead.
Pikel hits you but does no damage.
You barely miss Pikel.
Pikel is almost dead.
Pikel hits you with a +1 whip of freezing.
* * * LOW HITPOINT WARNING * * *
Pikel freezes you.
You completely miss Pikel.
Pikel is almost dead.
Pikel hits you with a +1 whip of freezing.
* * * LOW HITPOINT WARNING * * *
Pikel freezes you.
Pikel says, "I knew I should've brought a map."
Pikel hits you with a +1 whip of freezing.
You die...

(.(...............#
#####.............#
..................#
.####....#........#
....#....#........#
....#....#........#
....#....#........#
###.#....#........#
................@K#
###.#.............#
#.#.............######
#........####........#
####.....####.#####.##
#..........#####.#
###..............#
#........#######
#........#


You could see Pikel.

Vanquished Creatures
  2 lemures (D:3)
  A hound (D:4)
  An orc wizard (D:3)
  An adder (D:3)
  A worm (D:3)
  2 dart slugs
  6 orcs
  6 ball pythons
  4 bats
  7 endoplasms
  A giant cockroach (D:1)
  10 goblins
  5 hobgoblins
  5 jackals
  6 quokkas
  3 frilled lizards
  7 kobolds
  4 rats
72 creatures vanquished.

Vanquished Creatures (others)
  13 plants (D:1)
13 creatures vanquished.

Grand Total: 85 creatures vanquished

Notes
Turn   | Place    | Note
-------+----------+-------------------------------------------
     0 | D:1      | ChickenMitten the Deep Dwarf Fighter began the quest for
                  | the Orb.
     0 | D:1      | Reached XP level 1. HP: 20/20 MP: 1/1
   229 | D:1      | Reached XP level 2. HP: 22/27 MP: 2/2
   923 | D:1      | Reached XP level 3. HP: 20/34 MP: 3/3
   954 | D:1      | Found a faded altar of an unknown god.
  1529 | D:3      | Reached XP level 4. HP: 11/42 MP: 4/4
  1955 | D:4      | Reached XP level 5. HP: 29/49 MP: 5/5
  1963 | D:4      | Found Lielops's Antique Armour Emporium.
  1981 | D:4      | Noticed a lemure
  1981 | D:4      | Noticed a lemure
  2100 | D:3      | Killed a lemure
  2238 | D:4      | Noticed a lemure
  2239 | D:4      | Noticed Pikel
  2285 | D:3      | Killed a lemure
  2291 | D:4      | Noticed a lemure
  2310 | D:3      | Slain by Pikel

Illustrated notes

Levels and vault maps discovered:
D:1:      dpeg_arrival_castle, layout_basic, serial_aquarium,
          aquarium_bridge_long_joined [aquarium_subvault_wall,
          aquarium_subvault_bridge, aquarium_subvault_wall,
          aquarium_subvault_wall, aquarium_subvault_wall,
          aquarium_subvault_wall], aquarium_window_fake, aquarium_window_fake,
          aquarium_window_1, aquarium_window_1, aquarium_view_2d,
          shapermc_ecumenical_altar_mp_ritualfount, minmay_misc_feat_chi,
          interstate_on_off, serial_bayou_lagoon_a
D:2:      layout_rooms
D:3:      layout_basic, grunt_ministairs_14
D:4:      layout_rooms, serial_shops, shop, uniq_pikel

Skill      XL: |  1  2  3  4  5 |
---------------+----------------+-----
Fighting       | 3 |  3.3
Axes           | 3 4 |  4.0
Armour         | 4 |  4.4
Shields        | |  3.9

Action                   |  1- 3 |  4- 6 || total
-------------------------+-------+-------++-------
Melee: War axe           |   129 |   137 ||   266
 Abil: Heal Wounds       |       |     4 ||     4
Armor: Scale mail        |    20 |       ||    20
       Chain mail        |    64 |    78 ||   142
Dodge: Dodged            |    45 |    38 ||    83
Block: Buckler           |    19 |    31 ||    50
